 Dungeon Crawl Stone Soup version 0.20.1-1-g8b1a95d (webtiles) character file.

4273 lorenzova the Thaumaturge (level 10, -1/48 (50) HPs)
             Began as a Deep Elf Fire Elementalist on Sept 14, 2017.
             Was a Believer of Vehumet.
             Killed by divine providence
             ... invoked by an orc priest
              (14 damage)
             ... on level 8 of the Dungeon.
             The game lasted 00:40:47 (10705 turns).

lorenzova the Thaumaturge (DEFE)                   Turns: 10705, Time: 00:40:48

HP:   -1/48 (50)    AC:  4    Str:  5    XL:     10   Next: 10%
MP:   6/27          EV: 12    Int: 24    God:    Vehumet [**....]
Gold: 435           SH:  5    Dex: 15    Spells: 14/31 levels left

rFire    + . .     SeeInvis .   m - +0 short sword (venom)
rCold    + . .     Gourm    .   (no shield)
rNeg     . . .     Faith    .   n - +0 leather armour {rC+}
rPois    .         Spirit   .   x - +1 hat
rElec    .         Reflect  +   (no cloak)
rCorr    .         Harm     .   (no gloves)
MR       ++...                  (no boots)
Stlth    ++........             v - +5 amulet of reflection
Regen    0.2/turn               d - ring of protection from magic
MPRegen  0.2/turn               D - ring of protection from fire

@: no status effects
A: no striking features
a: Renounce Religion


You were on level 8 of the Dungeon.
You worshipped Vehumet.
Vehumet was pleased with you.
You were hungry.

You visited 2 branches of the dungeon, and saw 9 of its levels.
You also visited: Ossuary.

You collected 435 gold pieces.

Inventory:

Hand Weapons
 m - a +0 short sword of venom (weapon)
Armour
 n - a +0 leather armour of cold resistance (worn)
 x - a +1 hat (worn)
 B - a +0 buckler
Jewellery
 d - a ring of protection from magic (left hand)
 v - a +5 amulet of reflection (around neck)
 D - a ring of protection from fire (right hand)
Wands
 h - a wand of flame (41/48)
 o - a wand of flame (22/48)
 F - a wand of clouds (4/9)
Scrolls
 f - 2 scrolls of enchant armour {unknown}
 g - a scroll of recharging {unknown}
 k - 2 scrolls of magic mapping
 l - 5 scrolls of remove curse
 p - 2 scrolls of identify
 q - 2 scrolls of teleportation {unknown}
 s - 2 scrolls of immolation {unknown}
 t - 3 scrolls of amnesia {unknown}
 u - 3 scrolls of fog {unknown}
 y - a scroll of vulnerability {unknown}
Potions
 e - 2 potions of lignification
 i - a potion of magic
 j - 4 potions of curing
 r - a potion of brilliance {unknown}
 z - a potion of resistance {unknown}
 A - a potion of agility {unknown}
 C - 2 potions of cancellation {unknown}
 G - a potion of mutation {unknown}
 H - 5 potions of haste {unknown}
 J - a potion of invisibility {unknown}
Books
 a - a book of Minor Magic

   Spells                             Type                      Level
   a - Magic Dart                     Conjuration                  1
   b - Blink                          Translocation                2
   c - Call Imp                       Summoning                    2
   d - Slow                           Hexes                        2
   e - Conjure Flame                  Conjuration/Fire             3
   f - Mephitic Cloud                 Conjuration/Poison/Air       3
 b - a book of Flames

   Spells                             Type                      Level
   a - Flame Tongue                   Conjuration/Fire             1
   b - Throw Flame                    Conjuration/Fire             2
   c - Conjure Flame                  Conjuration/Fire             3
   d - Inner Flame                    Hexes/Fire                   3
   e - Sticky Flame                   Conjuration/Fire             4
   f - Fireball                       Conjuration/Fire             5
Comestibles
 c - 3 bread rations
 w - 4 meat rations
 E - 3 fruits
 I - a royal jelly


   Skills:
 - Level 2.4 Dodging
 - Level 2.4 Stealth
 + Level 11.2 Spellcasting
 + Level 9.4 Conjurations
 + Level 9.9 Fire Magic


You had 14 spell levels left.
You knew the following spells:

 Your Spells              Type           Power        Failure   Level  Hunger
a - Flame Tongue          Conj/Fire      #####        1%          1    None
b - Throw Flame           Conj/Fire      ######       1%          2    None
c - Conjure Flame         Conj/Fire      ######..     1%          3    None
d - Blink                 Tloc           N/A          12%         2    None
f - Fireball              Conj/Fire      ######....   4%          5    ####...
s - Sticky Flame          Conj/Fire      ######..     1%          4    None


Dungeon Overview and Level Annotations

Branches:
Dungeon (8/15)             Temple (1/1) D:5            Lair (0/6) D:8

Altars:
Ashenzari
Cheibriados
Elyvilon
Kikubaaqudgha
Nemelex Xobeh
Qazlal
Ru
Sif Muna
Vehumet
Zin
The Shining One


Message History

Your Spellcasting skill increases to level 11!
You have reached level 10!
You feel a bit more experienced.
You feel sick.
You start resting.
You feel sick. x9
An orc warrior comes into view. It is wielding a dire flail.
An orc warrior is nearby!
You feel sick.
Your magical contamination has completely faded away.
Casting: Flame Tongue
Confirm with . or Enter, or press ? or * to list all spells.
Aiming: Conjure Flame
Press: ? - help, Dir - move target cursor The fire ignites!
You feel sick.
You feel sick.
You are no longer poisoned.
An orc priest comes into view.
The orc priest mumbles some strange prayers to Beogh against you.
Beogh smites you!
You die...

#....#....,,,,,,,,,
#.........,,,,,,,,,
#######........,,,**,,,,,
#<....'........,,,++,,>,,
#######....##.,,,,**,,,**
#....#*,,,,,**,,,**
#....#*,,..,**,,,++
##....####..,,,,,,,,
#..@........,,....,,
#...........,....!.,
#..........#*......,
#..........##......,
#..................,
###...##+##........,
#o..#...#........,
#...o.).'........,
#...#...#..#####*,


You could see an orc warrior and an orc priest.

Vanquished Creatures
  Erica (D:8)
  Eustachio (D:4)
  A hungry ghost (D:7)
  2 porcupines (D:8)
  3 sky beasts
  An orc warrior (D:7)
  An ice beast (D:7)
  3 ogres
  2 phantoms (D:4)
  A necrophage (D:6)
  2 wolves (D:8)
  2 centaurs
  3 crocodiles
  2 bullfrogs (D:7)
  A gnoll sergeant (D:6)
  A scorpion (D:7)
  4 wights (D:6)
  2 electric eels (D:7)
  A bullfrog zombie (D:6)
  2 crimson imps
  2 centaur zombies (Ossuary)
  A jelly (D:5)
  4 orc wizards
  3 hounds
  Jessica (D:3)
  Natasha (thrice) (D:2)
  An iguana (D:7)
  8 worker ants
  A big kobold zombie (Ossuary)
  2 mummies (Ossuary)
  15 gnolls
  8 adders
  A shadow imp (D:7)
  An ooze (D:5)
  2 adder zombies
  4 worms
  2 dart slugs
  2 leopard geckos
  20 orcs
  5 ball pythons
  7 bats
  5 giant cockroaches
  11 goblins
  6 hobgoblins
  6 jackals
  6 kobolds
  2 quokkas
  9 frilled lizards
  A goblin zombie (Ossuary)
  9 hobgoblin zombies (Ossuary)
  2 jackal zombies (Ossuary)
  11 kobold zombies (Ossuary)
  8 orc zombies (Ossuary)
  12 rats
  2 rat zombies (Ossuary)
  A bush (D:5)
220 creatures vanquished.

Notes
Turn   | Place    | Note
-------+----------+-------------------------------------------
     0 | D:1      | lorenzova the Deep Elf Fire Elementalist began the quest for the Orb.
     0 | D:1      | Reached XP level 1. HP: 10/10 MP: 6/6
   163 | D:1      | Reached XP level 2. HP: 15/15 MP: 2/8
   673 | D:1      | Reached skill level 4 in Spellcasting
  1026 | D:2      | Reached XP level 3. HP: 10/19 MP: 2/10
  1481 | D:1      | Learned a level 3 spell: Conjure Flame
  1484 | D:1      | Learned a level 2 spell: Throw Flame
  1902 | D:2      | Reached XP level 4. HP: 24/24 MP: 7/12
  1978 | D:2      | Found a white marble altar of Elyvilon.
  1978 | D:2      | Noticed Natasha
  2496 | D:2      | Killed Natasha
  2496 | D:2      | Reached XP level 5. HP: 28/28 MP: 9/14
  2708 | D:2      | Noticed Natasha
  2712 | D:2      | Killed Natasha
  2712 | D:2      | Reached skill level 5 in Spellcasting
  2909 | D:2      | Noticed Natasha
  2918 | D:2      | Killed Natasha
  3286 | D:3      | Learned a level 4 spell: Sticky Flame
  3613 | D:3      | Noticed a hippogriff
  4093 | D:3      | Noticed Jessica
  4099 | D:3      | Killed Jessica
  4099 | D:3      | Reached XP level 6. HP: 32/32 MP: 6/16
  4165 | D:3      | Found a deep blue altar of Sif Muna.
  4351 | D:4      | Reached skill level 5 in Fire Magic
  4495 | D:4      | Reached skill level 6 in Spellcasting
  4603 | D:4      | Found a sparkling altar of Nemelex Xobeh.
  4662 | D:4      | Reached XP level 7. HP: 31/36 MP: 1/18
  5132 | D:5      | Entered Level 5 of the Dungeon
  5171 | D:5      | Noticed Eustachio
  5415 | D:4      | Reached skill level 5 in Conjurations
  5508 | D:4      | Killed Eustachio
  5627 | D:4      | Reached skill level 7 in Spellcasting
  5885 | D:5      | Learned a level 5 spell: Fireball
  6225 | D:5      | Reached XP level 8. HP: 41/41 MP: 16/21
  6445 | D:5      | Reached skill level 8 in Spellcasting
  6465 | D:5      | Found a staircase to the Ecumenical Temple.
  6476 | Temple   | Entered the Ecumenical Temple
  6484 | Temple   | Became a worshipper of Vehumet
  6760 | D:6      | Found a sacrificial altar of Ru.
  6865 | D:6      | Learned a level 2 spell: Blink
  7354 | D:6      | Found a stormy altar of Qazlal.
  7709 | D:6      | Reached skill level 9 in Spellcasting
  8028 | D:7      | Reached * piety under Vehumet
  8028 | D:7      | Offered knowledge of Sandblast by Vehumet.
  8202 | D:7      | Reached XP level 9. HP: 43/43 MP: 17/24
  8751 | D:7      | Reached skill level 10 in Spellcasting
  9305 | D:7      | Found a stormy altar of Qazlal.
 10014 | D:8      | Found a sand-covered staircase.
 10019 | Ossuary  | Entered an ossuary
 10164 | Ossuary  | Offered knowledge of Freeze by Vehumet.
 10201 | Ossuary  | Reached ** piety under Vehumet
 10504 | D:8      | Noticed Erica
 10673 | D:8      | Killed Erica
 10673 | D:8      | Reached skill level 11 in Spellcasting
 10673 | D:8      | Reached XP level 10. HP: 20/48 MP: 2/27
 10705 | D:8      | Killed from afar by an orc priest

Skill      XL: |  1  2  3  4  5  6  7  8  9 |
---------------+----------------------------+-----
Spellcasting   | 4 5 6 7 9 11 | 11.2
Conjurations   | 2 3 4 6 7 9 |  9.4
Fire Magic     | 4 5 6 8 9 |  9.9
Dodging        | |  2.4
Stealth        | |  2.4

Action                   |  1- 3 |  4- 6 |  7- 9 | 10-12 || total
-------------------------+-------+-------+-------+-------++-------
Melee: Spear             |     3 |       |       |       ||     3
       Short sword       |    22 |     6 |    95 |       ||   123
 Cast: Flame Tongue      |    62 |    77 |   308 |     1 ||   448
       Throw Flame       |     9 |    52 |    57 |       ||   118
       Conjure Flame     |       |     3 |     8 |     1 ||    12
       Sticky Flame      |       |     1 |    14 |       ||    15
       Fireball          |       |       |     3 |       ||     3
  Use: Scroll            |       |     1 |     6 |       ||     7
  Eat: Chunk             |     3 |     3 |    17 |       ||    23
       Fruit             |       |     3 |     2 |       ||     5
       Meat ration       |       |     1 |       |       ||     1
Armor: Robe              |     4 |       |       |       ||     4
       Leather armour    |     8 |     6 |    21 |       ||    35
Dodge: Dodged            |    31 |    11 |    70 |       ||   112
Block: Other             |       |       |    40 |       ||    40
       Reflection        |       |       |     3 |       ||     3
